Map: Ephemeron LE

Players

MaSa

  • Race: Terran Terran
  • Spawn Location: 11:00

Neeb - Winner!

  • Race: Protoss Protoss
  • Spawn Location: 5:00

Event: Cheeseadelphia XI, Cheeseadelphia XI

VOD

Have the link to the VOD?

Description

Time

  • Played on: Dec. 15, 2019, 4:39 p.m.
  • Length: 8:21

All games in this series

Show
View Real Time Build Order
Export as new Build Order

MaSa Terran 

Build Orders:  

Get SALT Encoding   

  12  0:00  SCV  
  13  0:13  SCV  
  14  0:17  Supply Depot  
  14  0:25  SCV  
  15  0:39  SCV  
  15  0:40  Barracks  
  16  0:44  Refinery  
  16  0:51  SCV  
  17  1:03  SCV  
  18  1:15  SCV  
  19  1:26  Marine  
  19  1:27  Orbital Command  
  20  1:45  Barracks Reactor  
  20  1:49  Command Center  
  20  1:54  Supply Depot  
  20  1:56  SCV  
  21  2:07  Factory  
  21  2:09  SCV  
  22  2:17  Refinery  
  22  2:21  SCV, Marine  
  24  2:23  Marine  
  25  2:33  SCV  
  26  2:39  Marine  
  26  2:41  Marine  
  28  2:45  Bunker  
  28  2:46  SCV  
  28  2:50  Factory Tech Lab  
  29  2:56  Armory  
  29  2:58  SCV  
  30  3:06  Orbital Command  
  30  3:08  Marine  
  30  3:16  Cyclone  
  33  3:20  SCV  
  33  3:26  Marine x2  
  36  3:32  SCV  
  36  3:33  SCV  
  38  3:44  SCV, Drilling Claws, Supply Depot  
  38  3:45  SCV  
  38  3:48  Widow Mine  
  42  3:53  Marine x2  
  44  3:56  SCV  
  44  3:57  Starport  
  43  4:03  SCV  
  43  4:08  SCV  
  43  4:09  Widow Mine  
  46  4:11  Marine x2  
  46  4:15  SCV  
  46  4:16  Supply Depot  
  49  4:20  SCV  
  50  4:27  SCV  
  51  4:31  Widow Mine  
  51  4:37  Medivac  
  55  4:39  Command Center  
  55  4:40  Supply Depot  
  55  4:42  SCV  
  55  4:44  SCV  
  57  4:45  Marine  
  57  4:48  Marine  
  59  4:55  Widow Mine  
  61  5:01  SCV  
  61  5:02  Barracks, SCV  
  61  5:04  Barracks  
  63  5:10  Starport Reactor  
  63  5:13  SCV  
  64  5:14  SCV  
  64  5:17  Engineering Bay  
  64  5:19  Engineering Bay  
  65  5:25  SCV, Refinery  
  65  5:26  SCV  
  65  5:27  Refinery  
  65  5:28  Supply Depot  
  64  5:38  SCV  
  64  5:42  SCV, Marine  
  66  5:44  Supply Depot  
  66  5:45  Widow Mine  
  71  5:50  Widow Mine  
  71  5:53  SCV  
  71  5:55  SCV  
  69  5:59  Barracks Reactor  
  69  6:00  Medivac x2, Marine, Barracks Tech Lab  
  74  6:08  Widow Mine  
  74  6:10  SCV  
  75  6:16  Missile Turret, Orbital Command  
  71  6:20  Terran Infantry Armor Level 1  
  71  6:24  Terran Infantry Weapons Level 1, SCV  
  72  6:35  SCV, Marine x3  
  72  6:36  Marauder  
  72  6:37  SCV  
  79  6:43  SCV  
  79  6:46  Widow Mine x2  
  79  6:47  Combat Shield  
  80  6:49  SCV  
  80  6:50  SCV  
  82  6:58  SCV  
  81  7:06  Marine x3  
  81  7:07  Marauder  
  83  7:08  SCV  
  83  7:09  Widow Mine  
  83  7:12  SCV x2  
  83  7:13  Viking  
  88  7:18  Viking  
  88  7:21  SCV  
  91  7:24  Marine  
  91  7:25  Marauder  
  87  7:34  Marauder, Marine  
  87  7:35  SCV  
  79  7:38  SCV x2  
  79  7:42  Marine  
  79  7:43  Viking  
  73  7:45  Marine  
  73  7:48  Viking  
  56  7:56  Marauder  
  56  7:58  Marine  
  47  8:00  SCV  
  47  8:02  SCV  
  47  8:08  SCV  
Show
View Real Time Build Order
Export as new Build Order

Neeb Protoss - Winner!

Build Orders: 1 Gate Expand, Colossus Rush 

Get SALT Encoding   

  12  0:00  Probe  
  13  0:13  Pylon  
  13  0:17  Probe  
  14  0:31  Gateway  
  14  0:33  Probe (Chrono Boost)  
  15  0:42  Probe (Chrono Boost), Assimilator  
  16  0:47  Probe (Chrono Boost)  
  17  0:59  Probe  
  18  1:11  Probe  
  19  1:18  Cybernetics Core  
  19  1:23  Probe  
  20  1:33  Nexus  
  20  1:38  Probe  
  21  1:44  Pylon  
  21  1:51  Adept (Chrono Boost)  
  20  1:55  Assimilator  
  20  1:58  Probe  
  23  2:02  Warp Gate  
  23  2:10  Probe  
  23  2:12  Adept (Chrono Boost)  
  26  2:22  Probe  
  27  2:34  Adept, Probe  
  30  2:41  Robotics Facility  
  30  2:46  Probe x2  
  33  2:58  Probe x2  
  34  3:10  Probe (Chrono Boost)  
  34  3:11  Probe (Chrono Boost)  
  34  3:12  Gateway  
  36  3:13  Gateway  
  36  3:22  Probe (Chrono Boost)  
  36  3:23  Probe (Chrono Boost)  
  36  3:25  Pylon  
  38  3:27  Probe x2 (Chrono Boost)  
  38  3:29  Observer  
  38  3:32  Robotics Bay  
  41  3:37  Probe  
  43  3:47  Assimilator  
  43  3:48  Warp Prism (Chrono Boost)  
  43  3:49  Probe, Assimilator  
  43  3:53  Probe  
  46  4:01  Probe  
  45  4:05  Probe  
  44  4:10  Stalker x2  
  44  4:12  Stalker  
  44  4:13  Probe  
  51  4:17  Probe  
  51  4:19  Pylon  
  52  4:24  Gravitic Drive  
  52  4:25  Probe  
  52  4:30  Pylon, Probe  
  54  4:35  Disruptor (Chrono Boost)  
  54  4:37  Probe  
  58  4:43  Probe  
  59  4:50  Probe  
  60  4:55  Probe, Sentry  
  63  5:01  Nexus  
  63  5:02  Probe  
  64  5:07  Probe  
  64  5:10  Observer (Chrono Boost)  
  64  5:14  Pylon, Probe  
  66  5:17  Forge  
  66  5:18  Twilight Council  
  66  5:21  Probe  
  67  5:23  Observer (Chrono Boost)  
  67  5:26  Probe  
  67  5:27  Pylon  
  69  5:33  Probe  
  70  5:38  Probe  
  70  5:39  Colossus (Chrono Boost)  
  70  5:41  Extended Thermal Lance  
  77  5:57  Probe  
  77  6:00  Stalker x3  
  77  6:03  Probe (Chrono Boost)  
  85  6:09  Probe (Chrono Boost)  
  84  6:11  Protoss Ground Weapons Level 1 (Chrono Boost)  
  84  6:15  Probe (Chrono Boost)  
  84  6:18  Blink  
  86  6:20  Probe (Chrono Boost)  
  86  6:21  Probe (Chrono Boost)  
  86  6:23  Photon Cannon  
  87  6:26  Pylon  
  87  6:35  Stalker  
  87  6:36  Stalker x2  
  87  6:37  Probe  
  87  6:38  Probe x2  
  96  6:44  Photon Cannon  
  96  6:49  Probe  
  96  6:51  Pylon  
  96  6:52  Probe  
  98  6:58  Colossus, Probe  
  99  7:11  Probe x2  
  99  7:12  Stalker, Probe  
  99  7:13  Stalker x2  
  108  7:16  Assimilator x2  
  108  7:19  Pylon  
  108  7:20  Forge  
  108  7:31  Gateway  
  108  7:32  Gateway  
  108  7:37  Gateway  
  108  7:39  Gateway  
  108  7:41  Probe  
  109  7:49  Stalker x3  
  109  7:50  Probe  
  108  7:54  Probe  
  109  7:58  Probe  
  109  8:03  Probe  
Tags
 
Add a new tag
Caveats
  • Supply blocks, unpowered buildings, or Contaminate may cause inaccurate times.
  • Supply counts are checked every 10 seconds.